TOP OF THE 1ST |
Birmingham Barons batting - Pitching for Akron RubberDucks : RHP Fomio Tashima
|
Pitching: RHP Fomio Tashima
|
|
Batting: RHB Ron Johansen
|
0-0: Ball 1-0: Foul Ball, location: 2F 1-1: Ball 2-1: Foul Ball, location: 2F 2-2: SINGLE (Groundball, 4M, EV 99.4 MPH) (infield hit)
|
Batting: LHB Joe Kirkland
|
0-0: Called Strike 0-1: Ball 1-1: Ball 2-1: Called Strike 2-2: Ball 3-2: Foul Ball, location: 2F 3-2: Foul Ball, location: 2F 3-2: SINGLE (Groundball, 13S, EV 66.9 MPH) (infield hit) Ron Johansen to second
|
Batting: LHB Jason Bell
|
0-0: Ball 1-0: Ball 2-0: Called Strike 2-1: Fielders Choice at 2nd, 1-6 (Groundball, 13S, EV 68.8 MPH) Ron Johansen to third
|
Batting: LHB Herkko Haavikko
|
0-0: Ball 1-0: DOUBLE (Line Drive, 3D, EV 99.4 MPH) Ron Johansen scores Jason Bell to third
|
Batting: RHB Mike Savage
|
0-0: Called Strike 0-1: Swinging Strike 0-2: Ball 1-2: Strikes out swinging
|
Batting: RHB Fletcher Easter
|
0-0: Ball 1-0: Foul Ball, location: 2F 1-1: Foul Ball, location: 2F 1-2: Ball 2-2: Strikes out swinging
|
Top of the 1st over - 1 run, 3 hits, 0 errors, 2 left on base; Birmingham 1 - Akron 0 |
BOTTOM OF THE 1ST |
Akron RubberDucks batting - Pitching for Birmingham Barons : RHP Roberto Preciado
|
Pitching: RHP Roberto Preciado
|
|
Batting: SHB Marvin Garcia
|
0-0: Fly out, F8 (Flyball, 78M, EV 95.6 MPH)
|
Batting: RHB Danny Eberhart
|
0-0: Fly out, F8 (Flyball, 89S, EV 78.1 MPH)
|
Batting: RHB Kaoru Toda
|
0-0: Foul Ball, location: 2F 0-1: SINGLE (Line Drive, 9S, EV 95.6 MPH)
|
Batting: RHB Rico Coss
|
0-0: Called Strike 0-1: Called Strike Kaoru Toda steals 2nd base 0-2: Ball 1-2: Fly out, F7 (Flyball, 7S, EV 91.2 MPH)
|
Bottom of the 1st over - 0 runs, 1 hit, 0 errors, 1 left on base; Birmingham 1 - Akron 0 |
TOP OF THE 2ND |
Birmingham Barons batting - Pitching for Akron RubberDucks : RHP Fomio Tashima
|
Batting: RHB Matt McDevitt
|
0-0: Ball 1-0: Called Strike 1-1: DOUBLE (Line Drive, 89M, EV 111.9 MPH)
|
Batting: SHB Matt Childers
|
0-0: Called Strike 0-1: Ball 1-1: Foul Ball, location: 2F 1-2: Strikes out swinging
|
Batting: RHB John Iddings
|
0-0: Ball 1-0: Called Strike 1-1: Ball 2-1: Ball 3-1: Base on Balls
|
Batting: RHB Ron Johansen
|
0-0: Foul Ball, location: 2F 0-1: Called Strike 0-2: Ball Wild Pitch! Matt McDevitt to third John Iddings to second 1-2: Foul Ball, location: 2F 1-2: Foul Ball, location: 2F 1-2: Strikes out swinging
|
Batting: LHB Joe Kirkland
|
0-0: Ball 1-0: Foul Ball, location: 2F 1-1: Ball 2-1: Swinging Strike 2-2: Strikes out swinging
|
Top of the 2nd over - 0 runs, 1 hit, 0 errors, 2 left on base; Birmingham 1 - Akron 0 |
BOTTOM OF THE 2ND |
Akron RubberDucks batting - Pitching for Birmingham Barons : RHP Roberto Preciado
|
Batting: RHB Luis Restrepo
|
0-0: Ball 1-0: Foul Ball, location: 2F 1-1: Called Strike 1-2: Fly out, F8 (Line Drive, 89D, EV 89.4 MPH)
|
Batting: RHB Ian Sousa
|
0-0: Ball 1-0: Fly out, F7 (Line Drive, 7, EV 88.8 MPH)
|
Batting: LHB Tony Ponce
|
0-0: Called Strike 0-1: Fly out, F7 (Line Drive, 7LM, EV 99.4 MPH)
|
Bottom of the 2nd over - 0 runs, 0 hits, 0 errors, 0 left on base; Birmingham 1 - Akron 0 |
TOP OF THE 3RD |
Birmingham Barons batting - Pitching for Akron RubberDucks : RHP Fomio Tashima
|
Batting: LHB Jason Bell
|
0-0: Foul Ball, location: 2F 0-1: Ball 1-1: Called Strike 1-2: Strikes out looking
|
Batting: LHB Herkko Haavikko
|
0-0: Ball 1-0: Foul Ball, location: 2F 1-1: Swinging Strike 1-2: Strikes out swinging, 2-3 out at first.
|
Batting: RHB Mike Savage
|
0-0: Ball 1-0: Ground out U3 (Groundball, 3, EV 92.5 MPH)
|
Top of the 3rd over - 0 runs, 0 hits, 0 errors, 0 left on base; Birmingham 1 - Akron 0 |
BOTTOM OF THE 3RD |
Akron RubberDucks batting - Pitching for Birmingham Barons : RHP Roberto Preciado
|
Batting: LHB Aaron Caron
|
0-0: Ball 1-0: Swinging Strike 1-1: Ball 2-1: Ball 3-1: Base on Balls
|
Batting: SHB Justin Veatch
|
0-0: Called Strike 0-1: Ball 1-1: Foul Ball, location: 2F 1-2: Strikes out swinging
|
Batting: SHB Marvin Garcia
|
0-0: Called Strike 0-1: Foul Ball, location: 2F 0-2: Ball 1-2: Strikes out swinging
|
Batting: RHB Danny Eberhart
|
0-0: Called Strike 0-1: Foul Ball, location: 2F 0-2: Ball 1-2: Strikes out looking
|
Bottom of the 3rd over - 0 runs, 0 hits, 0 errors, 1 left on base; Birmingham 1 - Akron 0 |
TOP OF THE 4TH |
Birmingham Barons batting - Pitching for Akron RubberDucks : RHP Fomio Tashima
|
Batting: RHB Fletcher Easter
|
0-0: Foul Ball, location: 2F 0-1: Ball 1-1: Ball 2-1: Foul Ball, location: 2F 2-2: Foul Ball, location: 2F 2-2: Ball 3-2: Foul Ball, location: 2F 3-2: Reached via error on a dropped throw from 2B, E3 (Groundball, 4, EV 86.2 MPH)
|
Batting: RHB Matt McDevitt
|
0-0: Ball Fletcher Easter steals 2nd base 1-0: Ground out 5-3 (Groundball, 5S, EV 78.1 MPH)
|
Batting: SHB Matt Childers
|
0-0: Ball Wild Pitch! Fletcher Easter to third 1-0: Called Strike 1-1: Ball 2-1: Ball 3-1: Base on Balls
|
Batting: RHB John Iddings
|
0-0: Swinging Strike 0-1: Foul Ball, location: 2F 0-2: Strikes out swinging
|
Batting: RHB Ron Johansen
|
0-0: Fielders Choice at 2nd, 6-4 (Groundball, 56, EV 86.2 MPH)
|
Top of the 4th over - 0 runs, 0 hits, 1 error, 2 left on base; Birmingham 1 - Akron 0 |
BOTTOM OF THE 4TH |
Akron RubberDucks batting - Pitching for Birmingham Barons : RHP Roberto Preciado
|
Batting: RHB Kaoru Toda
|
0-0: Called Strike 0-1: Ball 1-1: Swinging Strike 1-2: TRIPLE (Groundball, 3L, EV 96.9 MPH)
|
Batting: RHB Rico Coss
|
0-0: Called Strike 0-1: Swinging Strike 0-2: Foul Ball, location: 2F 0-2: Ball 1-2: Strikes out swinging
|
Batting: RHB Luis Restrepo
|
0-0: Ground out 5-3 (Groundball, 56, EV 93.1 MPH) Kaoru Toda scores
|
Batting: RHB Ian Sousa
|
0-0: Called Strike 0-1: Ball 1-1: Ground out 4-3 (Groundball, 34, EV 87.5 MPH)
|
Bottom of the 4th over - 1 run, 1 hit, 0 errors, 0 left on base; Birmingham 1 - Akron 1 |
TOP OF THE 5TH |
Birmingham Barons batting - Pitching for Akron RubberDucks : RHP Fomio Tashima
|
Batting: LHB Joe Kirkland
|
0-0: Called Strike 0-1: Ball 1-1: Foul Ball, location: 2F 1-2: Foul Ball, location: 2F 1-2: Foul Ball, location: 2F 1-2: Foul Ball, location: 2F 1-2: Foul Ball, location: 2F 1-2: Ball 2-2: Ball 3-2: Ground out 1-3 (Groundball, 13S, EV 72.5 MPH)
|
Batting: LHB Jason Bell
|
0-0: Ball 1-0: Called Strike 1-1: Ball 2-1: Fly out, F6 (Popup, 6M, EV 61.2 MPH)
|
Batting: LHB Herkko Haavikko
|
0-0: Ball 1-0: Foul Ball, location: 2F 1-1: Ball 2-1: Called Strike 2-2: Ball 3-2: Strikes out looking
|
Top of the 5th over - 0 runs, 0 hits, 0 errors, 0 left on base; Birmingham 1 - Akron 1 |
BOTTOM OF THE 5TH |
Akron RubberDucks batting - Pitching for Birmingham Barons : RHP Roberto Preciado
|
Batting: LHB Tony Ponce
|
0-0: SINGLE (Line Drive, 89S, EV 96.9 MPH)
|
Batting: LHB Aaron Caron
|
0-0: Ball 1-0: Fly out, F9 (Line Drive, 9S, EV 89.4 MPH)
|
Batting: SHB Justin Veatch
|
0-0: Called Strike 0-1: Foul Ball, location: 2F 0-2: Ball 1-2: Strikes out swinging
|
Batting: SHB Marvin Garcia
|
0-0: Called Strike 0-1: Ball 1-1: Called Strike 1-2: Ball 2-2: Foul Ball, location: 2F 2-2: Fielders Choice at 2nd, 6-4 (Groundball, 6, EV 79.4 MPH)
|
Bottom of the 5th over - 0 runs, 1 hit, 0 errors, 1 left on base; Birmingham 1 - Akron 1 |
TOP OF THE 6TH |
Birmingham Barons batting - Pitching for Akron RubberDucks : RHP Fomio Tashima
|
Batting: RHB Mike Savage
|
0-0: Swinging Strike 0-1: Ball 1-1: Foul Ball, location: 2F 1-2: Strikes out looking
|
Batting: RHB Fletcher Easter
|
0-0: Swinging Strike 0-1: Ball 1-1: Called Strike 1-2: Strikes out swinging
|
Batting: RHB Matt McDevitt
|
0-0: Called Strike 0-1: Fly out, F7 (Line Drive, 78S, EV 95.6 MPH)
|
Top of the 6th over - 0 runs, 0 hits, 0 errors, 0 left on base; Birmingham 1 - Akron 1 |
BOTTOM OF THE 6TH |
Akron RubberDucks batting - Pitching for Birmingham Barons : RHP Roberto Preciado
|
Batting: RHB Danny Eberhart
|
0-0: Called Strike 0-1: Ball 1-1: SINGLE (Groundball, 6MD, EV 94.4 MPH)
|
Batting: RHB Kaoru Toda
|
0-0: Ball 1-0: Called Strike 1-1: SINGLE (Flyball, 6MD, EV 88.1 MPH) Danny Eberhart to second Runner from 2nd tries for 3rd, SAFE, no throw by CF
|
Batting: RHB Rico Coss
|
0-0: Called Strike Kaoru Toda steals 2nd, throwing error, E2 Danny Eberhart scores Kaoru Toda to third 0-1: Ball 1-1: Foul Ball, location: 2F 1-2: Ball 2-2: Foul Ball, location: 2F 2-2: Fly out, F8 (Flyball, 89M, EV 87.5 MPH) Runner from 3rd tags up, SCORES, throw by CF
|
Batting: RHB Luis Restrepo
|
0-0: Called Strike 0-1: Ball 1-1: Swinging Strike 1-2: Ball 2-2: SINGLE (Line Drive, 5D, EV 95.6 MPH)
|
Batting: RHB Ian Sousa
|
0-0: Called Strike 0-1: Ball 1-1: Ball 2-1: Foul Ball, location: 2F 2-2: Strikes out looking
|
Batting: LHB Tony Ponce
|
0-0: 2-RUN HOME RUN (Flyball, 89XD, EV 103.8 MPH), Distance : 399 ft
|
Pitching: LHP Randy Eisenmann
|
|
Batting: LHB Aaron Caron
|
0-0: Ball 1-0: Ground out 6-3 (Groundball, 6, EV 84.4 MPH)
|
Bottom of the 6th over - 4 runs, 4 hits, 1 error, 0 left on base; Birmingham 1 - Akron 5 |
TOP OF THE 7TH |
Birmingham Barons batting - Pitching for Akron RubberDucks : RHP Fomio Tashima
|
Batting: SHB Matt Childers
|
0-0: Ball 1-0: Ball 2-0: Foul Ball, location: 2F 2-1: Foul Ball, location: 2F 2-2: DOUBLE (Line Drive, 78D, EV 107.5 MPH)
|
Pitching: RHP Corey Larimer
|
|
Batting: RHB John Iddings
|
0-0: Fly out, F3 (Line Drive, 34, EV 71.2 MPH)
|
Batting: RHB Ron Johansen
|
0-0: Fly out, F8 (Flyball, 8LD, EV 75.6 MPH)
|
Batting: LHB Joe Kirkland
|
0-0: Foul Ball, location: 2F 0-1: Foul Ball, location: 2F 0-2: Ground out 6-3 (Groundball, 6MS, EV 80.0 MPH)
|
Top of the 7th over - 0 runs, 1 hit, 0 errors, 1 left on base; Birmingham 1 - Akron 5 |
BOTTOM OF THE 7TH |
Akron RubberDucks batting - Pitching for Birmingham Barons : LHP Randy Eisenmann
|
Batting: SHB Justin Veatch
|
0-0: Ball 1-0: Ground out 5-3 (Groundball, 56, EV 88.8 MPH)
|
Batting: SHB Marvin Garcia
|
0-0: Called Strike 0-1: Swinging Strike 0-2: Strikes out looking
|
Batting: RHB Danny Eberhart
|
0-0: Ball 1-0: Called Strike 1-1: Foul Ball, location: 2F 1-2: SINGLE (Groundball, 6MD, EV 107.5 MPH)
|
Batting: RHB Kaoru Toda
|
0-0: Ball 1-0: DOUBLE (Groundball, 5L, EV 103.1 MPH) Danny Eberhart to third Runner from 3rd tries for Home, SAFE, throw by LF to trailing runner, SAFE at third!
|
Batting: RHB Rico Coss
|
0-0: Called Strike 0-1: Ball 1-1: Ball 2-1: Called Strike 2-2: Foul Ball, location: 2F 2-2: Ball 3-2: SINGLE (Line Drive, 7S, EV 91.2 MPH) Kaoru Toda scores
|
Batting: RHB Luis Restrepo
|
0-0: Ball 1-0: Swinging Strike 1-1: Fly out, F9 (Flyball, 9, EV 96.9 MPH)
|
Bottom of the 7th over - 2 runs, 3 hits, 0 errors, 1 left on base; Birmingham 1 - Akron 7 |
TOP OF THE 8TH |
Birmingham Barons batting - Pitching for Akron RubberDucks : RHP Corey Larimer
|
Batting: LHB Jason Bell
|
0-0: Swinging Strike 0-1: Ball 1-1: Ground out 6-3 (Groundball, 4, EV 93.8 MPH)
|
Batting: LHB Herkko Haavikko
|
0-0: Called Strike 0-1: Swinging Strike 0-2: Ball 1-2: Strikes out swinging
|
Batting: RHB Mike Savage
|
0-0: Called Strike 0-1: Ball 1-1: Swinging Strike 1-2: Ball 2-2: Strikes out swinging
|
Top of the 8th over - 0 runs, 0 hits, 0 errors, 0 left on base; Birmingham 1 - Akron 7 |
BOTTOM OF THE 8TH |
Akron RubberDucks batting - Pitching for Birmingham Barons : LHP Randy Eisenmann
|
Batting: RHB Ian Sousa
|
0-0: Fly out, F7 (Flyball, 78M, EV 82.5 MPH)
|
Batting: LHB Tony Ponce
|
0-0: Foul Ball, location: 2F 0-1: Foul Ball, location: 2F 0-2: Ball 1-2: Ball 2-2: Ball 3-2: Foul Ball, location: 2F 3-2: Strikes out looking
|
Batting: LHB Aaron Caron
|
0-0: Ball 1-0: Called Strike 1-1: Called Strike 1-2: Strikes out swinging
|
Bottom of the 8th over - 0 runs, 0 hits, 0 errors, 0 left on base; Birmingham 1 - Akron 7 |
TOP OF THE 9TH |
Birmingham Barons batting - Pitching for Akron RubberDucks : RHP Corey Larimer
|
Batting: RHB Fletcher Easter
|
0-0: Ball 1-0: Called Strike 1-1: Ball 2-1: Called Strike 2-2: Strikes out looking
|
Batting: RHB Matt McDevitt
|
0-0: Swinging Strike 0-1: Foul Ball, location: 2F 0-2: Ground out 6-3 (Groundball, 6, EV 106.9 MPH)
|
Batting: SHB Matt Childers
|
0-0: Swinging Strike 0-1: Ball 1-1: Called Strike 1-2: Ball 2-2: Ball 3-2: Foul Ball, location: 2F 3-2: Strikes out swinging
|
Top of the 9th over - 0 runs, 0 hits, 0 errors, 0 left on base; Birmingham 1 - Akron 7 |
|